[Event "*** Titled Tuesday Blitz"]
[Site "Chess.com"]
[Date "2019.12.03"]
[Round "3"]
[White "Darhild"]
[Black "Konavets"]
[Result "0-1"]
[WhiteElo "2654"]
[BlackElo "2907"]
[TimeControl "180+2"]
[EndTime "13:38:11 PST"]
[Termination "Konavets won by checkmate"]

1. e4 c6 2. Nc3 d5 3. Nf3 Nf6 4. e5 Ne4 5. Ne2 Qb6 6. d4 e6 7. Nfg1 f6 8. f3 Ng5 9. exf6 gxf6 10. h4 Nf7 11. a4 Bd6 12. a5 Qc7 13. Be3 Na6 14.
Qd2 e5 15. Nh3 Bd7 16. dxe5 fxe5 17. Ng5 Nxg5 18. Bxg5 Nc5 19. Ng3 Ne6 20. Nh5 Nxg5 21. Qxg5 Be7 22. Qg7 Rf8 23. Qxh7 Qd6 24. Ng7+ Kd8 25.
Qd3 Qb4+ 26. Qc3 Bxh4+ 27. Kd1 Qf4 28. a6 b6 29. Ne6+ Bxe6 30. Qxc6 Ke7 31. Ra4 d4 32. Qc7+ Kf6 33. Bc4 Rac8 34. Qh7 Rh8 35. Qd3 Bg5 36. Rxh8 Rxh8 37. Bxe6 Kxe6 38. Qc4+ Kf6 39. Qc6+ Kg7 40. Qc7+ Kg6 41. Qc6+ Kh5 42. Ra3 Qd2# 0-1

[Event "*** Titled Tuesday Blitz"]
[Site "Chess.com"]
[Date "2019.12.03"]
[Round "3"]
[White "Kumi29"]
[Black "Eloist"]
[Result "0-1"]
[WhiteElo "2520"]
[BlackElo "2361"]
[TimeControl "180+2"]
[EndTime "13:38:11 PST"]
[Termination "Eloist won by checkmate"]

1. d4 e6 2. Nc3 d5 3. Bf4 Nf6 4. e3 a6 5. Bd3 c5 6. dxc5 Bxc5 7.
Nf3 Nc6 8. O-O O-O 9. e4 d4 10. Ne2 Nh5 11. Bg5 f6 12. Nf4 fxg5 13. Nxh5 g4 14.
Nd2 Qg5 15. Ng3 Bd7 16. a4 h5 17. Nb3 Ba7 18. Qd2 Qxd2 19. Nxd2 h4 20. Ne2 Nb4 21. Rfc1 Rac8 22. Bc4 d3 23. cxd3 Bxf2+ 24. Kh1 Be3 25. Rd1 Rf2 26. d4 b5 27. axb5 axb5 28. Ra7 bxc4 29.
Rxd7 Rxe2 30. Nf1 Bh6 31. d5 Nd3 32. Ra1 exd5 33. exd5 Rce8 34. d6 Re1 35. Re7 R8xe7 36. dxe7 Rxe7 37. g3 h3 38. b3 c3 39. b4 c2 40.
Ra8+ Kh7 41. b5 c1=Q 42. Rf8 Re1 43. b6 Rxf1+ 44. Rxf1 Qxf1# 0-1

[Event "*** Titled Tuesday Blitz"]
[Site "Chess.com"]
[Date "2019.12.03"]
[Round "3"]
[White "MaestroASK"]
[Black "HanSchut"]
[Result "1-0"]
[WhiteElo "2596"]
[BlackElo "2334"]
[TimeControl "180+2"]
[EndTime "13:38:12 PST"]
[Termination "MaestroASK won by resignation"]

1. g3 c5 2. d3 Nc6 3. Bg2 Nf6 4. e4 d5 5. c3 dxe4 6. dxe4 Qxd1+ 7. Kxd1 Be6 8. f3 O-O-O+ 9. Nd2 Ne5 10. Ke2 Nd3 11. Bh3 Bxh3 12. Nxh3 h6 13. Nf2 Nxf2 14. Kxf2 Nd7 15. Nc4 f6 16. a4 Nb6 17. Nxb6+ axb6 18.
Be3 e5 19. Ke2 Kc7 20. h4 Be7 21. h5 Kc6 22. Rhg1 Ra8 23. c4 Rad8 24. Rad1 Rxd1 25.
Rxd1 Rd8 26. Rd5 Ra8 27. b3 Rf8 28. f4 Bd6 29. Kf3 Re8 30. Rd1 Re7 31. Bc1 Bc7 32. Bb2 Re6 33. Rd5 exf4 34. gxf4 Re7 35. Rd2 Rf7 36.
Ke3 Re7 37. Rd5 Re6 38. Bc3 Re7 39. Kf3 Re6 40. Be1 Re7 41. Bf2 Bd6 42. Bg3 Rf7 43.
Kg4 Re7 44. Kf5 Bc7 45. Be1 Bd6 46. Bc3 Bc7 47. e5 fxe5 48. Bxe5 Bxe5 49. fxe5 Rc7 50. e6 Re7 51. Ke5 Kc7 52. Rd1 Kc6 53. Rf1 Kc7 54.
Rf7 Kd8 55. Kd6 1-0

[Event "*** Titled Tuesday Blitz"]
[Site "Chess.com"]
[Date "2019.12.03"]
[Round "3"]
[White "gemarin"]
[Black "SerGo055"]
[Result "0-1"]
[WhiteElo "2120"]
[BlackElo "2520"]
[TimeControl "180+2"]
[EndTime "13:38:15 PST"]
[Termination "SerGo055 won on time"]

1. d4 Nf6 2. c4 e6 3. Nc3 d5 4. Nf3 c6 5. e3 Nbd7 6. Qc2 Bd6 7. Be2 O-O 8. O-O dxc4 9. Bxc4 Qe7 10. Ne4 Nxe4 11.
Qxe4 e5 12. Bb3 Nf6 13. Qh4 e4 14. Nd2 Re8 15. h3 Bf5 16. Nc4 Bc7 17. Bd2 h6 18.
Rac1 Kh7 19. f4 exf3 20. Rxf3 Be4 21. Rff1 Bd3 22. Bc2 Bxc2 23. Rxc2 Ne4 24. Qxe7 Rxe7 25. Be1 Rd8 26. a4 Rd5 27. b3 f5 28. Nb2 g5 29.
Nd3 Kg6 30. Bb4 Re8 31. g4 Ng3 32. Rf3 h5 33. Ne5+ Bxe5 34. dxe5 h4 35. gxf5+ Nxf5 36. Bc3 Rd3 37. Kg2 Nxe3+ 38. Kf2 Nd1+ 39. Ke2 Rxc3 40.
Kxd1 Rxf3 0-1

[Event "*** Titled Tuesday Blitz"]
[Site "Chess.com"]
[Date "2019.12.03"]
[Round "3"]
[White "LonesomeGeorge1"]
[Black "xamax2000"]
[Result "1-0"]
[WhiteElo "2330"]
[BlackElo "2543"]
[TimeControl "180+2"]
[EndTime "13:38:16 PST"]
[Termination "LonesomeGeorge1 won by resignation"]

1. e4 c5 2. Nf3 d6 3. Bb5+ Bd7 4. Bxd7+ Qxd7 5. c4 Nf6 6. Nc3 g6 7. d4 cxd4 8. Nxd4 Bg7 9. h3 O-O 10. Be3 Rc8 11. b3 a6 12. Qd3 Nc6 13. Rc1 b5 14. Nxc6 Rxc6 15. cxb5 axb5 16. O-O b4 17. Na4 Rac8 18.
Nb6 Rxc1 19. Bxc1 Qc6 20. Nxc8 Qxc8 21. Bd2 Qb7 22. f3 Nd7 23. Qd5 Qa7+ 24. Kh1 Qxa2 25. Bxb4 Be5 26. f4 Nf6 27. Qc4 Bb2 28. Qc2 Qa6 29.
Rd1 Bd4 30. Qc4 Qxc4 31. bxc4 Be3 32. e5 Ne4 33. Re1 Nf2+ 34. Kg1 Ba7 35. Kf1 Nd3 36. Ra1 Be3 37. exd6 exd6 38. Bxd6 Nxf4 39. Bxf4 Bxf4 40. c5 Kf8 41. c6 Ke7 42. Rd1 Bd6 43. Ke2 f6 44.
Kf3 h5 45. Ke4 Bg3 46. Kd5 f5 47. Rb1 g5 48. Rb7+ Kd8 49. Ke6 f4 50. Kf5 g4 51. hxg4 hxg4 52. Kxg4 Kc8 53. Rf7 Kd8 54. Rxf4 Bxf4 55. Kxf4 1-0

[Event "*** Titled Tuesday Blitz"]
[Site "Chess.com"]
[Date "2019.12.03"]
[Round "3"]
[White "GelmanAlexander"]
[Black "AnubisInmortal03"]
[Result "1/2-1/2"]
[WhiteElo "2505"]
[BlackElo "2569"]
[TimeControl "180+2"]
[EndTime "13:38:17 PST"]
[Termination "Game drawn by repetition"]

1. e4 c5 2. b4 cxb4 3. a3 Nf6 4. e5 Nd5 5. axb4 Nxb4 6. c3 Nd5 7. d4 e6 8. Bd3 f5 9. g4 g6 10. h4 d6 11. h5 Bg7 12. Nf3 dxe5 13. Nxe5 Nc6 14. f4 Nxe5 15. fxe5 Qc7 16. gxf5 exf5 17. Ra3 Bd7 18. Bg5 Bc6 19. hxg6 hxg6 20. Rxh8+ Bxh8 21. Qe2 Kf7 22. e6+ Kg8 23. c4 Qg3+ 24. Kd1 Qxg5 25. cxd5 Bxd5 26. Nc3 Qg1+ 27. Kc2 Rc8 28. e7 Bf7 29. Bc4 Re8 30. Bxf7+ Kxf7 31. Qc4+ Kxe7 32. Rxa7 Qg2+ 33. Kb3 Kf8 34. Qc7 Bxd4 35. Rxb7 Qxb7+ 36. Qxb7 Bxc3 37. Kxc3 Re4 38. Qh7 Rg4 39. Kd3 Ke8 40. Ke3 Kd8 41. Qf7 Kc8 42. Qe7 Re4+ 43.
Qxe4 fxe4 44. Kxe4 Kd7 45. Kf4 Ke6 46. Kg5 Kf7 47.
Kg4 Kg7 48. Kg5 Kh7 49. Kg4 Kh6 50. Kh4 Kg7 51. Kg5 Kf7 52. Kf4 Kf6 53. Kg4 g5 54.
Kg3 Kg6 55. Kg4 Kh6 56. Kg3 Kh5 57. Kh3 Kg6 58. Kg4 Kf6 59. Kf3 Ke5 60. Kg4 Kf6 1/2-1/2

[Event "*** Titled Tuesday Blitz"]
[Site "Chess.com"]
[Date "2019.12.03"]
[Round "3"]
[White "Alopekos"]
[Black "Alexander_Donchenko"]
[Result "1-0"]
[WhiteElo "2498"]
[BlackElo "2735"]
[TimeControl "180+2"]
[EndTime "13:38:19 PST"]
[Termination "Alopekos won by resignation"]

1. e4 c5 2. Nc3 a6 3. Nf3 d6 4. d4 cxd4 5. Nxd4 Nf6 6. Be3 e5 7.
Nb3 Be6 8. f4 exf4 9. Bxf4 Nc6 10.
Qd2 d5 11. O-O-O Bb4 12. Qd3 Bxc3 13. Qxc3 O-O 14. exd5 Nxd5 15. Qg3 Rc8 16. Bd6 Re8 17. Kb1 Ncb4 18. Bxb4 Nc3+ 19. Bxc3 Qxd1+ 20. Nc1 Bg4 21. Bc4 Qd7 22. Be2 Rxe2 23. Nxe2 f6 24. Nd4 b5 25. h3 Bh5 26. a3 Bg6 27. Qg4 Qc7 28. Qe6+ Bf7 29. Qxa6 Qc4 30. Nb3 Bg6 31. Ka1 Bxc2 32.
Nd4 Bd3 33. Qe6+ Qxe6 34. Nxe6 Be4 35. Rd1 Bxg2 36. Rg1 Bxh3 37. Nxg7 Kf7 38. Nh5 f5 39. Rg7+ Ke6 40. Nf4+ Kd6 41. Nxh3 1-0

[Event "*** Titled Tuesday Blitz"]
[Site "Chess.com"]
[Date "2019.12.03"]
[Round "3"]
[White "allvim"]
[Black "enriquetejedor"]
[Result "0-1"]
[WhiteElo "2199"]
[BlackElo "2468"]
[TimeControl "180+2"]
[EndTime "13:38:21 PST"]
[Termination "enriquetejedor won on time"]

1. e4 d5 2. exd5 Qxd5 3. Nc3 Qd8 4. d4 Nf6 5. Bc4 c6 6. Nge2 Nbd7 7. O-O Nb6 8. Bb3 Bg4 9. f3 Bf5 10. Ng3 Bd7 11. f4 h5 12. Re1 h4 13. Nge4 Nxe4 14.
Nxe4 Qc7 15. Ng5 Nd5 16. Qf3 f6 17. c4 Nb4 18. Ne6 Bxe6 19. Rxe6 O-O-O 20. a3 Na6 21. d5 Nc5 22. Re3 Nxb3 23. Rxb3 h3 24. Qg4+ Qd7 25.
Qxd7+ Rxd7 26. Be3 cxd5 27. cxd5 Rxd5 28. Rc1+ Kb8 29.
Rbc3 Rd8 30. f5 g5 31. Bf2 e5 32. fxe6 Bd6 33. Rxh3 Rxh3 34. gxh3 Re8 35. Re1 Be5 36. Bg3 Rxe6 37. Bxe5+ Rxe5 0-1

[Event "*** Titled Tuesday Blitz"]
[Site "Chess.com"]
[Date "2019.12.03"]
[Round "3"]
[White "Niklas2304"]
[Black "black_pawn_16"]
[Result "1-0"]
[WhiteElo "2379"]
[BlackElo "2148"]
[TimeControl "180+2"]
[EndTime "13:38:25 PST"]
[Termination "Niklas2304 won by resignation"]

1. e4 c5 2. Nf3 d6 3. d4 cxd4 4. Nxd4 Nf6 5. Nc3 a6 6. Bg5 e6 7.
f4 Qb6 8. a3 Bd7 9. Bh4 Be7 10.
Bf2 Qxb2 11. Nde2 O-O 12. Ra2 Qxa2 13. Nxa2 Nxe4 14. Be3 Nc6 15. Nac3 Nf6 16. Ng3 d5 17.
Be2 Rad8 18. Bb6 Rc8 19. O-O Bxa3 20. f5 Bb4 21. Na2 Bd6 22. Nh5 Ne4 23. Bd3 exf5 24. Bxe4 fxe4 25. Qxd5 Be6 26. Qxd6 Bxa2 27. Nxg7 f6 28. Nf5 Kh8 29. Qd7 Rg8 30. Bd4 Rcf8 31. Nh6 Rg7 32. Qd6 Rd8 33. Rxf6 Bg8 34. Rf8 Nxd4 35.
Rxd8 Ne2+ 36. Kf2 Rxg2+ 37. Kxg2 1-0

[Event "*** Titled Tuesday Blitz"]
[Site "Chess.com"]
[Date "2019.12.03"]
[Round "3"]
[White "boasovietica"]
[Black "Dhaydon19"]
[Result "0-1"]
[WhiteElo "2390"]
[BlackElo "2634"]
[TimeControl "180+2"]
[EndTime "13:38:26 PST"]
[Termination "Dhaydon19 won by checkmate"]

1. Nf3 c6 2. c4 d5 3. e3 Nf6 4. Nc3 e6 5. b3 Bd6 6. Bb2 Nbd7 7.
Qc2 O-O 8. g4 Nxg4 9. Rg1 f5 10.
h3 Ngf6 11. cxd5 cxd5 12. O-O-O a6 13. Be2 b5 14. Kb1 Bb7 15. Nd4 Qe7 16. Rg5 b4 17.
Rdg1 g6 18. Na4 Ne4 19. R5g2 Rac8 20. Qd1 Ndc5 21. Nxc5 Rxc5 22. f3 Nf6 23. h4 Rf7 24. h5 Nxh5 25. f4 Nf6 26. Bf3 Bc8 27. Qe1 e5 28.
fxe5 Bxe5 29. Qh4 Ne4 30. Qh1 Rg7 31. Bxe4 dxe4 32. Qh6 a5 33. Rf2 Bd7 34. Rg5 a4 35. bxa4 Bxa4 36. Rg1 Bd7 37. Rc1 Rxc1+ 38. Kxc1 Qc5+ 39. Kb1 Ba4 40. Qg5 Rc7 41. Qd8+ Kf7 42. d3 exd3 43. Nxf5 Bc2+ 44. Ka1 Bxb2+ 45. Kxb2 Qc3+ 46.
Kc1 Qa1+ 47. Kd2 Qd1# 0-1

[Event "*** Titled Tuesday Blitz"]
[Site "Chess.com"]
[Date "2019.12.03"]
[Round "3"]
[White "Satscho"]
[Black "chesstatour"]
[Result "1-0"]
[WhiteElo "2328"]
[BlackElo "1957"]
[TimeControl "180+2"]
[EndTime "13:38:27 PST"]
[Termination "Satscho won on time"]

1. e4 c6 2. d3 d5 3. Nd2 g6 4. Ngf3 Bg7 5. g3 Nf6 6. Bg2 O-O 7. O-O Re8 8. Re1 dxe4 9. dxe4 e5 10. b3 Qc7 11. Bb2 b5 12. a4 a6 13. Qe2 Nbd7 14. h3 Nc5 15. Qe3 Ncd7 16. axb5 cxb5 17. Rac1 Qa7 18. Qxa7 Rxa7 19. c4 Bh6 20. g4 Bf4 21. Rc2 Nc5 22. cxb5 Nd3 23. Ra1 Nxb2 24. Rxb2 Bb7 25.
bxa6 Rxa6 26. Rxa6 Bxa6 27. Bf1 Bb7 28. Bd3 Rd8 29. Bb1 Rc8 30. Rc2 Ra8 31. Rc7 Ba6 32.
Kg2 Be2 33. g5 Nh5 34. Nc4 Ra1 35. Bc2 Ra2 36. Ncxe5 Bxe5 37. Nxe5 Nf4+ 38. Kg3 Ne6 39. Rc8+ Kg7 40. h4 Nd4 41. Bd3 Bxd3 42. Nxd3 Nxb3 43.
Nf4 Ra3 44. Kg4 Ra4 45. Rc7 Nd2 46. Ne6+ 1-0

[Event "*** Titled Tuesday Blitz"]
[Site "Chess.com"]
[Date "2019.12.03"]
[Round "3"]
[White "matiss90"]
[Black "artooon"]
[Result "0-1"]
[WhiteElo "2564"]
[BlackElo "2805"]
[TimeControl "180+2"]
[EndTime "13:38:28 PST"]
[Termination "artooon won by resignation"]

1. e4 e5 2. Nf3 Nc6 3. d4 exd4 4. Nxd4 Nf6 5. Nc3 Bb4 6. Nxc6 bxc6 7. Bd3 d5 8. exd5 O-O 9. O-O cxd5 10. h3 h6 11. Re1 c5 12. a3 Ba5 13. Bd2 Rb8 14. Rb1 Be6 15. Qf3 c4 16. Bf1 d4 17. Ne4 Nxe4 18. Bxa5 Qxa5 19. Qxe4 Rfd8 20. Red1 Bf5 21. Qf4 Bxc2 22. Bxc4 Bxb1 23. Qxf7+ Kh8 24. Rxb1 d3 25. Qg6 Qd2 26. b3 Rb6 27. Qg4 Rbd6 28. Rd1 Qc2 29.
a4 d2 30. Kh2 Rd4 31. Qe2 Re4 32. Qf1 Qc3 33. Be2 Rde8 34. Bf3 Re1 35. Qb5 Qc7+ 36. g3 Rd8 37. Kg2 Rxd1 38. Bxd1 Qc1 39. Qe2 Qc6+ 40. Kh2 Qe8 41. Kg2 Qxe2 42. Bxe2 d1=Q 43.
Bxd1 Rxd1 44. b4 Rb1 45. b5 Rb4 0-1

[Event "*** Titled Tuesday Blitz"]
[Site "Chess.com"]
[Date "2019.12.03"]
[Round "3"]
[White "Leonid_Starozhilov"]
[Black "Oleksandr_Bortnyk"]
[Result "0-1"]
[WhiteElo "2672"]
[BlackElo "2931"]
[TimeControl "180+2"]
[EndTime "13:38:30 PST"]
[Termination "Oleksandr_Bortnyk won by resignation"]

1. e4 Nf6 2. Nc3 d5 3. exd5 Nxd5 4. Bc4 Nb6 5. Bb3 c5 6. d3 Nc6 7. Nf3 Bf5 8. O-O e6 9. h3 Be7 10. Re1 O-O 11. Bf4 Rc8 12. Qd2 a5 13. a3 Nd4 14. Nxd4 cxd4 15. Na4 Nd5 16. Bxd5 exd5 17. b3 b5 18. Nb6 Qxb6 19. Rxe7 Qc5 20. Re5 Bg6 21.
Re2 a4 22. b4 Qb6 23. Be5 f6 24. Bf4 Qc6 25. Qe1 Rfe8 26. Rxe8+ Rxe8 27. Qd2 Bh5 28. f3 Bg6 29. Bg3 Rc8 30. Ra2 Qe6 31. Bf2 Qe5 32. Ra1 h6 33. Re1 Qc7 34. Rc1 Qc3 35. Qxc3 dxc3 36.
Re1 Kf7 37. Bc5 Rc7 38. Kf2 Rc6 39. g4 f5 40. Ke3 fxg4 41. hxg4 Re6+ 42. Kf2 Rf6 43.
Bd4 Rc6 44. Re3 h5 45. gxh5 Bxh5 46. Re5 Bg6 47. Re3 Bf5 48. Bc5 Rh6 49. Kg2 Rh4 50.
Re7+ Kg6 51. Bd4 Rxd4 0-1

[Event "*** Titled Tuesday Blitz"]
[Site "Chess.com"]
[Date "2019.12.03"]
[Round "3"]
[White "Squirlolz"]
[Black "Gabrielian_Artur"]
[Result "1-0"]
[WhiteElo "2622"]
[BlackElo "2795"]
[TimeControl "180+2"]
[EndTime "13:38:32 PST"]
[Termination "Squirlolz won by resignation"]

1. e4 c5 2. c3 Nf6 3. e5 Nd5 4.
Bc4 Nb6 5. Bb3 c4 6. Bc2 Nc6 7. Nf3 d6 8. exd6 Qxd6 9. O-O Bg4 10. Re1 O-O-O 11. Qe2 e5 12. Na3 Kb8 13. b3 Qf6 14.
Nxc4 Nxc4 15. bxc4 Bc5 16. Rb1 Rhe8 17. Be4 Re7 18.
Bxc6 Qxc6 19. Nxe5 Qe6 20. Qf1 f6 21. d4 fxe5 22.
dxc5 Bf5 23. Bf4 Bd3 24. Rxe5 Qxe5 25. Bxe5+ Rxe5 26. Qd1 Rxc5 27. Rb2 Rc7 28. Rd2 Rcd7 29. f3 Kc7 30. c5 Bb5 31. Rxd7+ Rxd7 32. Qb1 Bd3 33.
Qb4 Kc6 34. Qa4+ Bb5 35. Qe4+ Kxc5 36. Qxh7 Bc4 37. a4 a5 38. Qf5+ Rd5 39. Qc8+ Kb6 40. Qxc4 Rd1+ 41. Kf2 Rd2+ 42. Kg3 Rd6 43. Qb5+ Ka7 44.
Qxa5+ Kb8 45. Qb4 1-0

[Event "*** Titled Tuesday Blitz"]
[Site "Chess.com"]
[Date "2019.12.03"]
[Round "3"]
[White "Sjakkerntobi"]
[Black "bluejay1897"]
[Result "0-1"]
[WhiteElo "2130"]
[BlackElo "2377"]
[TimeControl "180+2"]
[EndTime "13:38:34 PST"]
[Termination "bluejay1897 won by checkmate"]

1. e4 c5 2. Nf3 e6 3. d4 cxd4 4. Nxd4 Nc6 5. Nc3 a6 6. Be2 Qc7 7. O-O Nf6 8. Be3 Be7 9. f4 d6 10. f5 e5 11. Nb3 h6 12. Qe1 b5 13.
a3 Bb7 14. Rd1 Rc8 15. Qg3 Rg8 16. Nd5 Nxd5 17. exd5 Na5 18. Bxh6 Nxb3 19. cxb3 Qc2 20. Rd2 Qc5+ 21. Be3 Qc7 22. Kh1 Bf6 23. a4 b4 24.
Bd3 Ke7 25. Rc2 Qd7 26. Rxc8 Rxc8 27. Bc4 Rh8 28. Bg5 Bc8 29. Bxf6+ gxf6 30. Qg7 Qd8 31.
h3 Rg8 32. Qh6 Rg5 33. Qh7 a5 34. h4 Rg4 35. Qh5 Qg8 36. Rf2 Rd4 37. Kh2 Qg7 38. Rf3 Rg4 39. Rf2 Bd7 40. Be2 Rd4 41. Bc4 Bxa4 42.
bxa4 Rxc4 43. b3 Rc3 44. Rf3 Rxf3 45. Qxf3 Qh6 46. Qd3 Qxh4+ 47. Kg1 Qe1+ 48. Kh2 Qh4+ 49. Kg1 Qf4 50. g3 Qc1+ 51. Kf2 Qb2+ 52. Kf3 Kf8 53. Kg4 Kg7 54. Kh5 Qc3 55. Qe4 Qxg3 56. Qh1 Qg5# 0-1

[Event "*** Titled Tuesday Blitz"]
[Site "Chess.com"]
[Date "2019.12.03"]
[Round "3"]
[White "GremioPrudente"]
[Black "CarlssonLudvig"]
[Result "0-1"]
[WhiteElo "2238"]
[BlackElo "2440"]
[TimeControl "180+2"]
[EndTime "13:38:37 PST"]
[Termination "CarlssonLudvig won on time"]

1. Nf3 b6 2. g3 Bb7 3. Bg2 g6 4.
O-O Bg7 5. d4 Nf6 6. c4 O-O 7. Nc3 Ne4 8. Qc2 Nxc3 9. Qxc3 c5 10. Be3 Be4 11. Qd2 d6 12. Rad1 Nc6 13.
d5 Bxf3 14. Bxf3 Ne5 15. b3 a6 16. Bh6 b5 17. Bxg7 Kxg7 18. Qc3 bxc4 19. bxc4 Rb8 20. Rb1 Qc7 21. Rb3 Rxb3 22. axb3 Rb8 23. Ra1 Qb6 24.
Ra3 Qb4 25. Qxb4 Rxb4 26. Be4 a5 27. Bd3 Kf6 28. Kf1 Nd7 29. Ke1 Nb6 30. Rxa5 Rxb3 31. Kd2 Rb4 32. Kc3 Na4+ 33. Kd2 Nb6 34. Kc3 Ra4 35.
Rxa4 Nxa4+ 36. Kd2 Nb6 37. Ke3 h6 38. f4 g5 39. Kf3 Nd7 40. e4 gxf4 41. gxf4 Kg7 42. Kg4 Nf6+ 43. Kf5 Ne8 44. e5 Nc7 45. Ke4 Kg6 46. f5+ Kg5 47. e6 fxe6 48. dxe6 Kg4 49. Bf1 Kg5 50. Bd3 Kf6 51. Bf1 Kg7 52. Bh3 Na8 53.
Kd5 Nb6+ 54. Kc6 Nxc4 55. Kd7 Kf6 56. Bg4 Ne5+ 0-1

[Event "*** Titled Tuesday Blitz"]
[Site "Chess.com"]
[Date "2019.12.03"]
[Round "3"]
[White "FrogMist"]
[Black "Benjoneliere44"]
[Result "1-0"]
[WhiteElo "2295"]
[BlackElo "2467"]
[TimeControl "180+2"]
[EndTime "13:38:39 PST"]
[Termination "FrogMist won by resignation"]

1. e4 c5 2. Nf3 d6 3. d4 cxd4 4. Nxd4 Nf6 5. Nc3 g6 6. Be3 Bg7 7. Be2 O-O 8. Qd2 Nc6 9. O-O-O Ng4 10. Bxg4 Bxg4 11. f3 Bd7 12. Nxc6 bxc6 13. Bh6 Qa5 14. Bxg7 Kxg7 15. h4 h5 16. Qg5 Qxg5+ 17. hxg5 f6 18. gxf6+ Kxf6 19. Rhe1 Rad8 20. e5+ dxe5 21. Ne4+ Kg7 22.
Nc5 Bc8 23. Rxe5 Rxd1+ 24. Kxd1 Rd8+ 25. Ke2 Kf6 26. Re4 Bf5 27. Ra4 Bxc2 28. Rxa7 Rd5 29.
b4 g5 30. Ra6 Rd6 31. Ke3 Ke5 32. a4 Kd5 33. Ra7 Kc4 34. Rb7 Rd1 35. a5 Ra1 36. a6 e5 37. a7 Ra3+ 38. Kf2 g4 39.
Nd7 c5 40. bxc5 e4 41. a8=Q e3+ 42. Ke2 gxf3+ 43. gxf3 Rxa8 44. Nb6+ Kxc5 45. Nxa8 Kd4 46. Rd7+ Ke5 47. Kxe3 Kf5 48. Nb6 Kg5 49. Nc4 h4 50.
Rd2 Bf5 51. Ne5 h3 52. f4+ Kh4 53. Nf3+ Kg3 54. Rd8 Bg4 55. Rg8 h2 56. Nxh2 1-0

[Event "*** Titled Tuesday Blitz"]
[Site "Chess.com"]
[Date "2019.12.03"]
[Round "3"]
[White "mitrabhaa"]
[Black "AryanTari"]
[Result "1-0"]
[WhiteElo "2648"]
[BlackElo "2846"]
[TimeControl "180+2"]
[EndTime "13:38:45 PST"]
[Termination "mitrabhaa won by resignation"]

1. Nf3 d5 2. c4 d4 3. e3 Nc6 4. exd4 Nxd4 5. Nc3 c5 6. d3 Nf6 7. Be3 Bg4 8. Be2 Nxe2 9. Qxe2 e6 10. h3 Bh5 11. g4 Bg6 12. Ne5 Bd6 13. Nxg6 hxg6 14. O-O-O Be5 15. Bxc5 Bxc3 16. bxc3 Qa5 17. Bb4 Qc7 18. Qe3 Nd7 19. f4 Qc6 20. Rhe1 a5 21. Ba3 b5 22. f5 gxf5 23. gxf5 e5 24. d4 b4 25. Bb2 Qxc4 26. dxe5 bxc3 27. Bxc3 Rc8 28. Kb2 Nb6 29. Bd4 Nd5 30. Qb3 Qxb3+ 31. axb3 Rxh3 32. Rd2 Rb8 33. e6 Rbxb3+ 34. Kc1 f6 35.
Rc2 Nc3 36. Rg1 Rb1+ 37. Kd2 Ne4+ 38. Ke2 Rh2+ 39. Kd3 Rxg1 40. Rxh2 Rg4 41. Rh8+ Ke7 42. Ra8 Kd6 43. Ra6+ Kd5 44. Rxa5+ Kd6 45. Ra6+ Ke7 46. Ra7+ Ke8 47. Bb6 Nd6 48. Ra8+ Ke7 49. Bd8+ Kf8 50.
Bxf6+ Ne8 51. Bd4 Rg3+ 52. Kc4 Rg4 53. Kd5 Rf4 54. Bc5+ 1-0

[Event "*** Titled Tuesday Blitz"]
[Site "Chess.com"]
[Date "2019.12.03"]
[Round "3"]
[White "GulamaliRises"]
[Black "jefferyx"]
[Result "0-1"]
[WhiteElo "2484"]
[BlackElo "2892"]
[TimeControl "180+2"]
[EndTime "13:38:47 PST"]
[Termination "jefferyx won by resignation"]

1. e4 e6 2. d4 d5 3. e5 c5 4. c3 b6 5. Nf3 Qd7 6. dxc5 bxc5 7. c4 Ne7 8. Nc3 Ba6 9. b3 Nbc6 10. Bf4 Ng6 11.
Bg3 d4 12. Ne4 Bb7 13. Bd3 Qc7 14. Nd6+ Bxd6 15. exd6 Qa5+ 16. Kf1 Nf8 17. a3 Nd7 18. b4 cxb4 19. axb4 Qd8 20. Qa4 O-O 21. Be4 Nb6 22. Qb5 a6 23. Qh5 h6 24. Ne5 Qc8 25. Nxf7 Rxf7 26.
Qg6 Rf5 27. Bxf5 exf5 28. c5 Nc4 29. Re1 d3 30. Bf4 Qd7 31. h4 d2 32. Rd1 Re8 33.
Rh3 Re6 34. Qh5 Nxb4 35. Rc3 Qb5 36. Kg1 Qc6 37. Rg3 Qe8 38. Qxe8+ Rxe8 39. Bxd2 Nxd2 40. Rxd2 Bc6 41. d7 Rd8 42. Rd6 Rxd7 43. Rgg6 Rc7 44. h5 a5 45. Rd4 Be8 46. Rb6 Bxh5 47. Rd8+ Kh7 48. Rb5 Be2 49. Rxa5 Nc6 50. Ra2 Nxd8 51. Rxe2 Rxc5 52. Rd2 Ne6 0-1

[Event "*** Titled Tuesday Blitz"]
[Site "Chess.com"]
[Date "2019.12.03"]
[Round "3"]
[White "1977Ivan"]
[Black "ehrenfeld"]
[Result "1/2-1/2"]
[WhiteElo "2775"]
[BlackElo "2567"]
[TimeControl "180+2"]
[EndTime "13:38:48 PST"]
[Termination "Game drawn by repetition"]

1. d4 Nf6 2. c4 e6 3. Nc3 Bb4 4. e3 b6 5. Bd3 Bb7 6. Ne2 Bxg2 7. Rg1 Bf3 8. Qc2 O-O 9. e4 Bxc3+ 10. Nxc3 Nc6 11. Bg5 Nxd4 12. Qd2 d6 13. Rg3 Bh5 14. Qf4 Bg6 15. Qh4 h6 16. Bxh6 Nxe4 17. Qxd8 Raxd8 18. Bxe4 gxh6 19. O-O-O c5 20. Rdg1 Kh7 21.
Bxg6+ fxg6 22. Rxg6 Rg8 23. Rxg8 Rxg8 24. Rxg8 Kxg8 25. Ne4 Nf5 26. Kd2 Kf7 27. Kd3 Kg6 28. Nc3 Kh5 29. Nb5 Kg4 30. Nxa7 Kh3 31. Nc8 Kxh2 32.
Nxb6 h5 33. a4 h4 34. a5 Ne7 35. a6 Nc6 36. Nc8 Nb4+ 37. Ke2 Nxa6 38. Kf1 d5 39.
cxd5 exd5 40. Ne7 Nc7 41. Nf5 Kh3 42. f3 d4 43. Kf2 Nd5 44. Nd6 Nf4 45. b3 d3 46. Ne4 Kh2 47. Ke3 h3 48. Kf2 Kh1 49. Ng3+ Kh2 50. Nf1+ Kh1 51. Ng3+ Kh2 52. Nf1+ Kh1 53.
Ng3+ 1/2-1/2

[Event "*** Titled Tuesday Blitz"]
[Site "Chess.com"]
[Date "2019.12.03"]
[Round "3"]
[White "nau64"]
[Black "ural58"]
[Result "0-1"]
[WhiteElo "2241"]
[BlackElo "2452"]
[TimeControl "180+2"]
[EndTime "13:38:48 PST"]
[Termination "ural58 won by resignation"]

1. d4 d5 2. c4 e5 3. dxe5 d4 4. Nf3 Nc6 5. a3 g6 6. e3 Bg4 7.
Be2 Bxf3 8. Bxf3 Nge7 9. b4 Bg7 10. exd4 Qxd4 11. Qxd4 Nxd4 12. Bxb7 Rb8 13. Be4 Bxe5 14. Ra2 f5 15. Bd3 c5 16. Bd2 Rd8 17. Bc2 O-O 18. Bg5 Rfe8 19. O-O Ne6 20. Bc1 Nc6 21. Ba4 Ned4 22. Bg5 Rb8 23. bxc5 Rec8 24. Nd2 Na5 25.
Re1 Rxc5 26. Be7 Rxc4 27. Nxc4 Nxc4 28. Bc5 Ne6 29. Bb4 a5 30. Be7 Kf7 31. Bh4 g5 32.
Bg3 f4 33. Bc6 fxg3 34. hxg3 Rd8 35. Bb5 Bc3 36. Rxe6 Kxe6 37. Bxc4+ Kf6 38. a4 Rd1+ 39. Kh2 Bd4 40. Bb5 Rf1 41. f3 Rc1 42. Re2 h5 43. g4 Be5+ 44. g3 h4 45. f4 gxf4 46.
gxf4 Bxf4+ 47. Kg2 Rc3 48. Bd7 h3+ 49. Kf2 Bg3+ 0-1

[Event "*** Titled Tuesday Blitz"]
[Site "Chess.com"]
[Date "2019.12.03"]
[Round "3"]
[White "NemtsevIgor"]
[Black "FearNoEvil12"]
[Result "1-0"]
[WhiteElo "2327"]
[BlackElo "1973"]
[TimeControl "180+2"]
[EndTime "13:38:49 PST"]
[Termination "NemtsevIgor won by checkmate"]

1. d4 b5 2. e4 a6 3. Bd3 Bb7 4. Qe2 e6 5. Nf3 Nf6 6. O-O d6 7. a4 b4 8. c4 bxc3 9. Nxc3 Nbd7 10. e5 Nd5 11. Ne4 h6 12. exd6 cxd6 13. Re1 Be7 14.
Ng3 O-O 15. Bd2 N7f6 16. b4 Re8 17. b5 axb5 18. Bxb5 Rf8 19. Rec1 Qb6 20. h3 Ba6 21. Bxa6 Rxa6 22. a5 Qa7 23. Qc4 Ra8 24. Be1 Bd8 25.
Qb5 Kh7 26. Kh2 Bxa5 27. Bxa5 Rxa5 28. Rxa5 Qxa5 29. Qb7 Ra7 30. Qb8 Qb6 31. Qf8 Nf4 32. Rc8 Ng6 33. Qd8 Qxd8 34. Rxd8 d5 35. Ne2 Ne4 36. h4 Ra2 37. h5 Rxe2 38. hxg6+ Kxg6 39. Ne5+ Kf6 40. f3 Ng5 41. Rd7 Rxe5 42. dxe5+ Kxe5 43. Kg3 Kf6 44. Ra7 g6 45. Kf2 Nh7 46. g4 Ng5 47. Kg3 e5 48. Ra6+ Kg7 49. Rd6 d4 50. Rd5 f6 51. Rd7+ Nf7 52. f4 Kf8 53. f5 gxf5 54. gxf5 Ke8 55. Ra7 Kf8 56. Kg4 Kg7 57. Rd7 Kf8 58. Kh5 Ke8 59. Rd5 Ke7 60.
Kg6 Nd6 61. Ra5 d3 62. Ra7+ Kd8 63. Kxf6 e4 64. Ke6 d2 65. Rd7+ Ke8 66. Rxd6 e3 67.
f6 e2 68. f7+ Kf8 69. Rd8+ Kg7 70. f8=Q+ Kg6 71. Qf5+ Kg7 72. Rd7+ Kg8 73. Qf7+ Kh8 74. Qg7# 1-0